 Dungeon Crawl Stone Soup version 0.27.1 (webtiles) character file.

Game seed: 6317634059818917597

21 MacCMillion the Skirmisher (level 2, 27/27 HPs)
             Began as a Hill Orc Fighter on Aug 30, 2021.
             Was a Follower of Cheibriados.
             Quit the game on level 1 of the Dungeon.
             The game lasted 00:01:26 (589 turns).

MacCMillion the Skirmisher (Hill Orc Fighter)        Turns: 589, Time: 00:01:26

Health: 27/27      AC:  6    Str: 20    XL:     2   Next: 87%
Magic:  2/2        EV:  7    Int: 10    God:    Cheibriados [*.....]
Gold:   74         SH:  9    Dex: 12    Spells: 1/1 levels left

rFire    . . .     SeeInvis .   a - +0 war axe
rCold    . . .     Faith    .   c - +0 kite shield
rNeg     . . .     Spirit   .   b - +0 scale mail
rPois    .         Reflect  .   (no helmet)
rElec    .         Harm     .   (no cloak)
rCorr    .         Rampage  .   (no gloves)
Will     .....                  (no boots)
Stlth    ..........             (no amulet)
HPRegen  0.09/turn              (no ring)
MPRegen  0.08/turn              (no ring)

@: very slow
A: no striking features
a: Renounce Religion, Bend Time


You were on level 1 of the Dungeon.
You worshipped Cheibriados.
Cheibriados was aware of your devotion.
You visited 1 branch of the dungeon, and saw 1 of its levels.

You collected 74 gold pieces.

Inventory:

Hand Weapons
 a - a +0 war axe (weapon)
Armour
 b - a +0 scale mail (worn)
 c - a +0 kite shield (worn)
Scrolls
 e - a scroll of acquirement {unknown}
 f - a scroll of magic mapping {unknown}
 h - 2 scrolls of teleportation {unknown}
Potions
 d - 2 potions of might
 g - a potion of invisibility {unknown}
 i - a potion of flight {unknown}
 j - a potion of magic {unknown}
 k - a potion of cancellation {unknown}


   Skills:
 + Level 3.9 Fighting
 * Level 3.4 Axes
 + Level 3.5 Armour
 + Level 3.5 Shields


You had one spell level left.
You didn't know any spells.
Your spell library was empty.

Dungeon Overview and Level Annotations

Branches:
Dungeon (1/15)

Altars:
Cheibriados


Message History

No target in view!
No target in view!
No target in view!
You now have 74 gold pieces (gained 10).
j - a fuming black potion
Found a human skeleton.
Found a minotaur skeleton.
No target in view!
Found a ruby potion.
Found a human skeleton.
Found a human skeleton.
A frilled lizard comes into view.
The frilled lizard hisses angrily.
A frilled lizard is nearby!
A frilled lizard is nearby!
Found a faded altar of an unknown god.
You hit the frilled lizard.
You kill the frilled lizard!
No target in view!
No target in view!
You see here a human skeleton.
k - a ruby potion You see here a human skeleton.
There is a faded altar of an unknown god here.
You cannot tell which god this altar belongs to.
Convert to them anyway?
Okay, then.
You cannot tell which god this altar belongs to.
Convert to them anyway?
Uppercase [Y]es or [N]o only, please.
You cannot tell which god this altar belongs to.
Convert to them anyway?
Uppercase [Y]es or [N]o only, please.
You cannot tell which god this altar belongs to.
Convert to them anyway?
Uppercase [Y]es or [N]o only, please.
You cannot tell which god this altar belongs to.
Convert to them anyway?
Cheibriados accepts your prayer! Cheibriados welcomes you!
Cheibriados begins to support your attributes as your movement slows.
You can now bend time to slow others.
Cheibriados is now slowing the effects of poison on you.
Cheibriados raises the support of your attributes as your movement slows.
Are you sure you want to abandon this character and quit the game? (Confirm with "yes".)

##...###........####.....
#......#.........##......
#.##..............#....^.
#.8.8.8.##.............(.
#8....÷÷.#......##.......
#....÷...#......##.......
#8...÷...#...............
#.÷......#......###......
#8÷.....@#......#####.###
##########..###...###..##
#.......#####..###.##
#........#####.....##
#..........######....
#...........#####...#
#########.......#............
#...............#....####..#.
#.#######.......#.......#...#


There were no monsters in sight!

Vanquished Creatures
  3 endoplasms (D:1)
  A giant cockroach (D:1)
  2 goblins (D:1)
  2 hobgoblins (D:1)
  2 jackals (D:1)
  2 quokkas (D:1)
  A ball python (D:1)
  A bat (D:1)
  3 frilled lizards (D:1)
  A kobold (D:1)
  A rat (D:1)
19 creatures vanquished.

Notes
Turn   | Place    | Note
-------+----------+-------------------------------------------
     0 | D:1      | MacCMillion the Hill Orc Fighter began the quest for the
                  | Orb.
     0 | D:1      | Reached XP level 1. HP: 19/19 MP: 1/1
   200 | D:1      | Reached XP level 2. HP: 26/26 MP: 2/2
   576 | D:1      | Found a faded altar of an unknown god.
   588 | D:1      | Became a worshipper of Cheibriados the Contemplative
   588 | D:1      | Reached * piety under Cheibriados
   589 | D:1      | Quit the game

Illustrated notes

Levels and vault maps discovered:
D:1:      wander_arrival_abandoned_jail, layout_rooms,
          shapermc_ecumenical_altar_pompeii, chequers_serial_rivers_room_a,
          minmay_pentomino_p4

Skill      XL: |  1 |
---------------+----+-----
Axes           | 3 |  3.4
Fighting       | |  3.9
Armour         | |  3.5
Shields        | |  3.5

Action                   || total
-------------------------++-------
Melee: War axe           ||    36
Armor: Scale mail        ||    21
Dodge: Dodged            ||    11
Block: Kite shield       ||    12
